 Dungeon Crawl Stone Soup version 0.18.1-47-g9310371 (webtiles) character file.

416 Zhenya125pyc the Chopper (level 6, -3/56 HPs)
             Began as a Minotaur Fighter on June 17, 2016.
             Killed from afar by an orc wizard (5 damage)
             ... with a magic dart
             ... on level 4 of the Dungeon.
             The game lasted 00:06:18 (2942 turns).

Zhenya125pyc the Chopper (Minotaur Fighter)         Turns: 2942, Time: 00:06:18

Health: -3/56      AC:  9    Str: 22    XL:     6   Next: 60%
Magic:  5/5        EV:  7    Int:  5    God:
Gold:   129        SH: 14    Dex: 10    Spells: 0 memorised, 5 levels left

rFire  + . .     SeeInvis .     a - +0 war axe
rCold  . . .     Gourm    .     b - +0 scale mail
rNeg   . . .     Faith    .     c - +0 shield
rPois  +         Spirit   .     (helmet restricted)
rElec  .         Dismiss  .     (no cloak)
rCorr  .         Reflect  +     n - +0 pair of gloves
SustAt .         Harm     .     y - +0 pair of boots
MR     .....                    l - +4 amulet of reflection
Stlth  ..........               h - ring of poison resistance
                                e - ring of protection from fire

@: not resistant to hostile enchantments, extremely unstealthy
A: retaliatory headbutt, horns 2
a: no special abilities


You were on level 4 of the Dungeon.
You were not hungry.

You visited 2 branches of the dungeon, and saw 5 of its levels.
You also visited: Sewer.

You collected 129 gold pieces.

Inventory:

Hand Weapons
 a - a +0 war axe (weapon)
Armour
 b - a +0 scale mail (worn)
 c - a +0 shield (worn)
 n - a +0 pair of gloves (worn)
 y - a +0 pair of boots (worn)
Jewellery
 e - a ring of protection from fire (left hand)
 h - a ring of poison resistance (right hand)
 l - a +4 amulet of reflection (around neck)
 r - an uncursed amulet of faith {unknown}
 u - an uncursed ring of ice
Wands
 E - a wand of polymorph (13/24)
Scrolls
 j - 4 scrolls of remove curse {unknown}
 k - a scroll of enchant armour {unknown}
 s - a scroll of identify {unknown}
 v - 3 scrolls of teleportation {unknown}
 w - 3 scrolls of magic mapping {unknown}
 x - 3 scrolls of fear {unknown}
 z - a scroll of blinking {unknown}
 B - a scroll of amnesia {unknown}
 C - 2 scrolls of recharging {unknown}
Potions
 d - 4 potions of might
 m - 3 potions of curing {unknown}
 o - a potion of magic {unknown}
 p - a potion of lignification {unknown}
 q - a potion of berserk rage {unknown}
 t - a potion of haste {unknown}
 A - 2 potions of resistance {unknown}
 D - a potion of mutation {unknown}
Comestibles
 f - 4 bread rations
 g - 3 meat rations
 i - 3 fruits


   Skills:
 + Level 5.1 Fighting
 * Level 5.5 Axes
 + Level 5.2 Armour
 + Level 5.2 Shields


You had 5 spell levels left.
You didn't know any spells.

Dungeon Overview and Level Annotations

Branches:
Dungeon (4/15)             Temple (1/1) D:4

Altars:
Ashenzari
Cheibriados
Dithmenos
Fedhas
Kikubaaqudgha
Makhleb
Pakellas
Ru
Sif Muna
Vehumet
Xom
Yredelemnul
Zin
The Shining One


Innate Abilities, Weirdness & Mutations

You reflexively headbutt those who attack you in melee.
You have a pair of horns on your head.


Message History

You barely miss the orc wizard.
The orc wizard is heavily wounded.
You feel yourself speed up.
The orc wizard casts a spell.
The orc wizard blinks!
You block the scorpion's attack. The scorpion stings you.
* * * LOW HITPOINT WARNING * * *
You hit the scorpion. Your headbutt misses the scorpion.
The scorpion is almost dead.
You block the scorpion's attack.
You hit the scorpion.
You kill the scorpion!
You hit the orc wizard.
The orc wizard is severely wounded.
You block the orc wizard's attack. x2
You closely miss the orc wizard.
The orc wizard is severely wounded.
The orc wizard casts a spell at you. The magic dart hits you!
You die...

#########
#.......###############
#.......#..............
#.......#..............
#.......#..............
#.......#..............
#....†.)#..............
#....)@)#..##...####'##
......#o##..##...##.....
..... #..........#......
.... #..........#......
... #..........#......
.. #..........#...... .
#.##..##...##.....
###.##..##...##.....
#...#........#......


You could see an orc wizard.

Vanquished Creatures
  A scorpion (D:4)
  2 orc wizards (D:3)
  2 orc priests (D:4)
  Jessica (D:3)
  9 adders
  A river rat (Sewer)
  3 oozes (D:1)
  2 adder skeletons
  A worm (D:2)
  4 dart slugs
  2 giant geckos
  8 orcs
  3 giant cockroaches
  9 hobgoblins
  2 jackals (D:3)
  4 ball pythons
  9 bats
  16 giant newts
  12 goblins
  6 kobolds
  13 rats
110 creatures vanquished.

Vanquished Creatures (others)
  A goblin (D:2)
1 creature vanquished.

Grand Total: 111 creatures vanquished

Notes
Turn   | Place    | Note
--------------------------------------------------------------
     0 | D:1      | Zhenya125pyc the Minotaur Fighter began the quest for the Orb.
     0 | D:1      | Reached XP level 1. HP: 19/19 MP: 0/0
   107 | D:1      | Reached XP level 2. HP: 27/27 MP: 1/1
   262 | D:1      | Reached XP level 3. HP: 31/33 MP: 2/2
   772 | D:2      | Reached XP level 4. HP: 39/40 MP: 3/3
  1371 | D:3      | Found a glowing drain.
  1377 | Sewer    | Entered a sewer
  1563 | Sewer    | Reached XP level 5. HP: 41/47 MP: 4/4
  1836 | D:3      | Reached skill level 5 in Axes
  2002 | D:3      | Reached skill level 5 in Armour
  2024 | D:3      | Found an ancient bone altar of Kikubaaqudgha.
  2138 | D:3      | Noticed Jessica
  2147 | D:3      | Killed Jessica
  2147 | D:3      | Reached XP level 6. HP: 35/55 MP: 5/5
  2385 | D:3      | Found a snail-covered altar of Cheibriados.
  2720 | D:4      | Reached skill level 5 in Shields
  2739 | D:4      | Found a staircase to the Ecumenical Temple.
  2747 | Temple   | Entered the Ecumenical Temple
  2933 | D:4      | Reached skill level 5 in Fighting
  2936 | D:4      | HP: 2/56 [scorpion (3)]
  2942 | D:4      | Killed from afar by an orc wizard

Skill      XL: |  1  2  3  4  5  6 |
---------------+-------------------+-----
Shields        | 4 5 |  5.2
Armour         | 4 5 |  5.2
Axes           | 3 4 5 |  5.5
Fighting       | 4 5 |  5.1

Action                   |  1- 3 |  4- 6 || total
-------------------------+-------+-------++-------
Melee: War axe           |    95 |   195 ||   290
       Headbutt          |    13 |    26 ||    39
  Eat: Chunk             |       |     7 ||     7
Armor: Scale mail        |    37 |    58 ||    95
Dodge: Dodged            |    24 |    53 ||    77
Block: Shield            |    28 |   168 ||   196
       Reflection        |       |     2 ||     2
